 Dungeon Crawl Stone Soup version 0.28-a0-987-g8383568036 (webtiles) character file.

Game seed: 4924521072023404297

51 Decritt the Skirmisher (level 3, 0/24 HPs)
             Began as a Gargoyle Fighter on Dec 4, 2021.
             Slain by a gnoll (6 damage)
             ... on level 2 of the Dungeon.
             The game lasted 00:02:16 (1531 turns).

Decritt the Skirmisher (Gargoyle Fighter)           Turns: 1531, Time: 00:02:16

Health: 0/24       AC: 14    Str: 21    XL:     3   Next: 83%
Magic:  3/3        EV:  9    Int:  8    God:
Gold:   86         SH:  4    Dex:  9    Spells: 2/2 levels left

rFire   . . .      SeeInvis .   f - +2 war axe (elec)
rCold   . . .      Faith    .   c - +0 buckler
rNeg    + . .      Spirit   .   b - +0 scale mail
rPois   ∞          Reflect  .   (no helmet)
rElec   +          Harm     .   (no cloak)
rCorr   .          Rampage  .   (no gloves)
Will    .....                   (no boots)
Stlth   ..........              (no amulet)
HPRegen 0.08/turn               i - +4 ring of protection
MPRegen 0.08/turn               (no ring)

@: no status effects
A: sickness immunity, AC +3, negative energy resistance 1, electricity
resistance, torment resistance 1, petrification resistance
a: no special abilities


You were on level 2 of the Dungeon.
You visited 1 branch of the dungeon, and saw 2 of its levels.

You collected 86 gold pieces.

Inventory:

Hand Weapons
 a - a +0 war axe
 f - a +2 war axe of electrocution (weapon)
Armour
 b - a +0 scale mail (worn)
 c - a +0 buckler (worn)
Jewellery
 i - a +4 ring of protection (left hand)
Potions
 d - a potion of might
 e - a potion of flight {unknown}
 g - a potion of heal wounds {unknown}
 h - a potion of curing {unknown}
 j - 2 potions of attraction {unknown}


   Skills:
 * Level 4.2 Fighting
 + Level 2.5 Axes
 + Level 3.7 Armour
 - Level 3.2 Shields


You had 2 spell levels left.
You didn't know any spells.
Your spell library contained the following spells:

 Spells                   Type           Power      Damage    Failure   Level
 Animate Skeleton         Necr           0%         N/A       77%         1
 Pain                     Necr           0%         1d4       77%         1
 Vampiric Draining        Necr           0%         2d6       98%         3


Dungeon Overview and Level Annotations

Branches:
Dungeon (2/15)

Altars:


Innate Abilities, Weirdness & Mutations

You are immune to sickness and miasma.
Your stone body is resilient. (AC +3)
You are immune to poison.
You resist negative energy. (rN+)
You are resistant to electric shocks. (rElec)
You are resistant to unholy torment.
You are immune to petrification.


Message History

The gnoll shouts!
A gnoll comes into view. It is wielding a +0 flail.
Found a glowing red potion.
The gnoll shouts!
A gnoll comes into view. It is wielding a +0 whip.
A gnoll comes into view. It is wielding a +0 whip.
The gnoll hits you from afar with a +0 spear of venom.
The gnoll completely misses you.
You closely miss the gnoll. You block the gnoll's attack.
The gnoll hits you but does no damage.
You hit the gnoll.
The gnoll is lightly wounded.
The gnoll hits you from afar with a +0 spear of venom.
* * * LOW HITPOINT WARNING * * *
The gnoll hits you with a +0 flail.
* * * LOW HITPOINT WARNING * * *
The gnoll barely misses you. The gnoll hits you but does no damage.
You closely miss the gnoll.
The gnoll is lightly wounded.
The gnoll misses you. The gnoll closely misses you.
You barely miss the gnoll.
The gnoll is lightly wounded.
You block the gnoll's attack. x2; The gnoll barely misses you.
You slash the gnoll!
The gnoll is severely wounded.
The gnoll hits you with a +0 flail.
* * * LOW HITPOINT WARNING * * *
The gnoll hits you but does no damage. The gnoll closely misses you.
You closely miss the gnoll.
The gnoll is severely wounded.
The gnoll hits you from afar with a +0 spear of venom.
* * * LOW HITPOINT WARNING * * *
You block the gnoll's attack.
You barely miss the gnoll.
The gnoll is severely wounded.
The gnoll barely misses you. The gnoll hits you but does no damage.
The gnoll hits you from afar with a +0 spear of venom.
* * * LOW HITPOINT WARNING * * *
The gnoll hits you with a +0 flail.
You die...

####.##............##
####..##.##.........#
.........######...##.#
#####.#### #...#
#####.# #...# ......#
#...# ####### ##.##
...# #.# ##.# #@# # #
#g# #


#gg # .g.. ##!#. ...# # #. # .. You could see 4 gnolls.

Vanquished Creatures
  An adder (D:2)
  3 dart slugs (D:1)
  5 bats (D:1)
  2 endoplasms
  3 goblins
  5 hobgoblins
  2 jackals (D:1)
  A quokka (D:1)
  3 ball pythons
  4 frilled lizards (D:1)
  3 kobolds
  5 rats
37 creatures vanquished.

Notes
Turn   | Place    | Note
-------+----------+-------------------------------------------
     0 | D:1      | Decritt the Gargoyle Fighter began the quest for the Orb.
     0 | D:1      | Reached XP level 1. HP: 14/14 MP: 1/1
   175 | D:1      | Reached XP level 2. HP: 18/19 MP: 2/2
   234 | D:1      | Found a faded altar of an unknown god.
  1029 | D:1      | Reached XP level 3. HP: 24/24 MP: 3/3
  1057 | D:1      | Reached skill level 4 in Fighting
  1531 | D:2      | Slain by a gnoll

Illustrated notes

Levels and vault maps discovered:
D:1:      amcnicky_arrival_abandoned_market, layout_loops_corners,
          shapermc_ecumenical_altar_gd, minmay_misc_feat_tower
D:2:      layout_loops_cross, chequers_serial_rivers_micro_d

Skill      XL: |  1  2  3 |
---------------+----------+-----
Axes           | 2 |  2.5
Fighting       | 4 |  4.2
Armour         | |  3.7
Shields        | |  3.2

Action                   || total
-------------------------++-------
Melee: War axe           ||    96
Armor: Scale mail        ||    54
Dodge: Dodged            ||    57
Block: Buckler           ||    21

Table legend: (Time is in decaauts)
 A = Elapsed time spent in this place.
 B = Non-inter-level travel time spent in this place.
 C = Inter-level travel time spent in this place.
 D = Time resting spent in this place.
 E = Time spent auto-exploring this place.
 F = Levels seen in this place.
 G = Mean time per level.
                   A        B        C        D        E       F      G
               +--------+--------+--------+--------+--------+-----+--------+
         Total |   1568 |   1540 |     28 |      0 |   1297 |   2 |  784.0 |
       Dungeon |   1568 |   1540 |     28 |      0 |   1297 |   2 |  784.0 |
               +--------+--------+--------+--------+--------+-----+--------+

Top non-repeatable levels by time:
     D:1: 1316 daAuts
     D:2: 251 daAuts
